 Dungeon Crawl Stone Soup version 0.30-a0-4-ga7cffc901d (webtiles) character file.

Game seed: 215537860823033904

406 SensoryNuts the Ducker (level 6, -1/51 HPs)
             Began as a Gnoll Gladiator on Aug 21, 2022.
             Slain by Dowan
             ... wielding a +0 dagger
              (8 damage)
             ... on level 4 of the Dungeon.
             The game lasted 00:04:08 (3933 turns).

SensoryNuts the Ducker (Gnoll Gladiator)            Turns: 3933, Time: 00:04:08

Health: -1/51      AC:  5    Str: 15    XL:     6   Next: 87%
Magic:  9/9        EV: 14    Int:  8    God:
Gold:   240        SH:  5    Dex: 13    Spells: 9/9 levels left

rFire   + . .      SeeInvis .    a - +0 war axe
rCold   + . .      Faith    .    (no shield)
rNeg    . . .      Spirit   .    b - +0 leather armour
rPois   +          Reflect  +    c - +0 helmet
rElec   +          Harm     .    h - +0 cloak
rCorr   +          Rampage  .    (no gloves)
Will    .....                    (no boots)
Stlth   ++........               o - amulet of reflection
HPRegen 0.17/turn                (no ring)
MPRegen 0.11/turn                (no ring)

@: resistant
A: fangs 1, strong nose, distributed training
a: no special abilities


You were on level 4 of the Dungeon.
You visited 1 branch of the dungeon, and saw 4 of its levels.

You collected 240 gold pieces.

Inventory:

Hand Weapons
 a - a +0 war axe (weapon)
Missiles
 d - 4 throwing nets (quivered)
 e - a javelin
Armour
 b - a +0 leather armour (worn)
 c - a +0 helmet (worn)
 h - a +0 cloak (worn)
Jewellery
 o - an amulet of reflection (around neck)
Scrolls
 g - a scroll of magic mapping
 i - a scroll of butterflies
 j - 2 scrolls of identify
 k - a scroll of poison {unknown}
 l - 3 scrolls of teleportation {unknown}
 m - a scroll of immolation
 p - 2 scrolls of amnesia
Potions
 f - a potion of curing


   Skills:
 + Level 5.1 Fighting
 + Level 2.2 Short Blades
 + Level 2.2 Long Blades
 + Level 6.9 Axes
 + Level 2.2 Maces & Flails
 + Level 2.2 Polearms
 + Level 2.2 Staves
 + Level 2.2 Ranged Weapons
 + Level 5.1 Throwing
 + Level 2.2 Armour
 + Level 6.9 Dodging
 + Level 2.2 Stealth
 + Level 2.2 Shields
 + Level 2.2 Unarmed Combat
 + Level 2.2 Spellcasting
 + Level 1.8 Conjurations
 + Level 1.8 Hexes
 + Level 1.8 Summonings
 + Level 1.8 Necromancy
 + Level 1.8 Translocations
 + Level 1.8 Transmutations
 + Level 1.8 Fire Magic
 + Level 1.8 Ice Magic
 + Level 1.8 Air Magic
 + Level 1.8 Earth Magic
 + Level 1.8 Poison Magic
 + Level 2.5 Invocations
 + Level 2.2 Evocations


You had 9 spell levels left.
You didn't know any spells.
Your spell library contained the following spells:

 Spells                   Type           Power      Damage    Failure   Level
 Magic Dart               Conj           12%        1d3       21%         1
 Searing Ray              Conj           6%         2d4       30%         2
 Portal Projectile        Hex/Tloc       6%         N/A       52%         3
 Tukima's Dance           Hex            3%         N/A       52%         3
 Fulminant Prism          Conj/Hex       1%         3d6       90%         4
 Blade Hands              Tmut           1%         N/A       99%         5


Dungeon Overview and Level Annotations

Branches:
Dungeon (4/15)
 Temple: D:4-7

Altars:

Shops:
D:3 [   D:4 *

Annotations:
D:4 Dowan, Duvessa


Innate Abilities, Weirdness & Mutations

You have very sharp teeth.
Your uncanny sense of smell can sniff out nearby items.
Your experience applies equally to all skills.


Message History

You are too injured to fight recklessly!
You are too injured to fight recklessly!
You are too injured to fight recklessly!
You are too injured to fight recklessly!
You are too injured to fight recklessly!
You are too injured to fight recklessly!
You are too injured to fight recklessly!
You are too injured to fight recklessly!
You are too injured to fight recklessly!
You are too injured to fight recklessly!
You are too injured to fight recklessly!
Unknown command.
It was a potion of resistance.
You feel protected.
Dowan says, "My weaknesses are her strengths!"
Dowan barely misses you. Duvessa hits you with a +0 rapier.
You feel better. Duvessa hits you with a +0 rapier.
Dowan says, "Stay away from my face!"
Dowan closely misses you. Duvessa completely misses you.
You hit Duvessa but do no damage.
Duvessa is heavily wounded.
You hit Dowan but do no damage. Dowan closely misses you.
Duvessa barely misses you.
Dowan casts a spell.
Dowan blinks!
You barely miss Duvessa.
Duvessa is heavily wounded.
Duvessa hits you but does no damage. You block Duvessa's attack.
You hit Duvessa but do no damage. Your punch misses Duvessa.
Duvessa is heavily wounded.
You block Duvessa's attack. Duvessa barely misses you.
You slash Duvessa!
Duvessa is severely wounded.
Duvessa hits you with a +0 rapier. Duvessa hits you with a +0 rapier!
* * * LOW HITPOINT WARNING * * *
You hit Duvessa.
Duvessa is severely wounded.
You barely miss Dowan. Duvessa hits you but does no damage.
Dowan hits you with a +0 dagger!
You die...

##.###########
#...........#
###########.# ∆
#....#.# ### #..
#.#....# #..
.#.. #.######
#.# #.### #.#
#.+ .∩.. #.#
#e###.# #.#
#@#.#.# #.# ∆
#.e.# #.#
#.#$..#
#.########.#####
#..........#
#.########.# ###
###


You could see Duvessa (fast) and Dowan (strong).

Vanquished Creatures
  A black bear (D:4)
  An ogre (D:4)
  2 hounds (D:4)
  7 gnolls
  An adder (D:2)
  A worm (D:3)
  6 dart slugs
  3 orcs (D:4)
  5 endoplasms
  A giant cockroach (D:3)
  8 goblins
  8 hobgoblins
  8 jackals
  2 quokkas
  9 ball pythons
  3 bats
  2 frilled lizards
  14 kobolds
  3 rats
85 creatures vanquished.

Vanquished Creatures (others)
  2 plants (D:2)
2 creatures vanquished.

Grand Total: 87 creatures vanquished

Notes
Turn   | Place    | Note
-------+----------+-------------------------------------------
     0 | D:1      | SensoryNuts the Gnoll Gladiator began the quest for the
                  | Orb.
     0 | D:1      | Reached XP level 1. HP: 20/20 MP: 1/1
    91 | D:1      | Reached XP level 2. HP: 26/26 MP: 2/2
   422 | D:1      | Found a faded altar of an unknown god.
   814 | D:2      | Reached XP level 3. HP: 31/31 MP: 3/3
   826 | D:2      | Reached skill level 1 in Invocations
  1255 | D:2      | Reached skill level 1 in Short Blades
  1255 | D:2      | Reached skill level 1 in Long Blades
  1255 | D:2      | Reached skill level 1 in Maces & Flails
  1255 | D:2      | Reached skill level 1 in Polearms
  1255 | D:2      | Reached skill level 1 in Staves
  1255 | D:2      | Reached skill level 1 in Ranged Weapons
  1255 | D:2      | Reached skill level 1 in Armour
  1255 | D:2      | Reached skill level 1 in Stealth
  1255 | D:2      | Reached skill level 1 in Shields
  1255 | D:2      | Reached skill level 1 in Unarmed Combat
  1255 | D:2      | Reached skill level 1 in Spellcasting
  1255 | D:2      | Reached skill level 1 in Evocations
  1825 | D:3      | Reached XP level 4. HP: 38/38 MP: 5/5
  1998 | D:3      | Reached skill level 1 in Conjurations
  1998 | D:3      | Reached skill level 1 in Hexes
  1998 | D:3      | Reached skill level 1 in Summonings
  1998 | D:3      | Reached skill level 1 in Necromancy
  1998 | D:3      | Reached skill level 1 in Translocations
  1998 | D:3      | Reached skill level 1 in Transmutations
  1998 | D:3      | Reached skill level 1 in Fire Magic
  1998 | D:3      | Reached skill level 1 in Ice Magic
  1998 | D:3      | Reached skill level 1 in Air Magic
  1998 | D:3      | Reached skill level 1 in Earth Magic
  1998 | D:3      | Reached skill level 1 in Poison Magic
  2392 | D:3      | Reached XP level 5. HP: 43/43 MP: 7/7
  2673 | D:3      | Found Daibir's Antique Armour Boutique.
  2995 | D:4      | Noticed a black bear
  3004 | D:4      | Killed a black bear
  3223 | D:4      | Reached XP level 6. HP: 50/50 MP: 8/8
  3253 | D:4      | Reached skill level 5 in Fighting
  3253 | D:4      | Reached skill level 5 in Throwing
  3916 | D:4      | Found Ocagebb's General Store.
  3916 | D:4      | Noticed Dowan
  3917 | D:4      | Noticed Duvessa
  3933 | D:4      | Slain by Dowan

Illustrated notes

Levels and vault maps discovered:
D:1:      enne_arrival_octagon_isle, layout_basic,
          shapermc_ecumenical_altar_mp_vishouse, chequers_serial_rivers_small_3,
          minmay_tetromino_i2
D:2:      layout_basic, guppyfry_early_lair_pool
D:3:      layout_loops_ring, serial_shops, shop, nicolae_hexahallways,
          minmay_misc_feat_pillars, minmay_misc_feat_room
D:4:      layout_basic, serial_shops, nicolae_shop_hallway_plus,
          interstate_on_off, uniq_duvessa

Skill      XL: |  1  2  3  4  5  6 |
---------------+-------------------+-----
Invocations    | 1 2 |  2.5
Short Blades   | 1 2 |  2.2
Long Blades    | 1 2 |  2.2
Maces & Flails | 1 2 |  2.2
Polearms       | 1 2 |  2.2
Staves         | 1 2 |  2.2
Ranged Weapons | 1 2 |  2.2
Armour         | 1 2 |  2.2
Stealth        | 1 2 |  2.2
Shields        | 1 2 |  2.2
Unarmed Combat | 1 2 |  2.2
Spellcasting   | 1 2 |  2.2
Evocations     | 1 2 |  2.2
Conjurations   | 1 |  1.8
Hexes          | 1 |  1.8
Summonings     | 1 |  1.8
Necromancy     | 1 |  1.8
Translocations | 1 |  1.8
Transmutations | 1 |  1.8
Fire Magic     | 1 |  1.8
Ice Magic      | 1 |  1.8
Air Magic      | 1 |  1.8
Earth Magic    | 1 |  1.8
Poison Magic   | 1 |  1.8
Fighting       | 5 |  5.1
Throwing       | 5 |  5.1
Axes           | |  6.9
Dodging        | |  6.9

Action                   |  1- 3 |  4- 6 || total
-------------------------+-------+-------++-------
Melee: War axe           |    92 |   132 ||   224
       Bite              |     8 |     8 ||    16
       Punch             |       |     3 ||     3
  Use: Scroll            |     5 |       ||     5
       Potion            |     3 |     3 ||     6
 Stab: Sleeping          |     1 |     1 ||     2
       Distracted        |       |     1 ||     1
Armor: Leather armour    |    21 |    32 ||    53
Dodge: Dodged            |    44 |   108 ||   152
Block: Other             |       |    26 ||    26
       Reflection        |       |     1 ||     1

Table legend: (Time is in decaauts)
 A = Elapsed time spent in this place.
 B = Non-inter-level travel time spent in this place.
 C = Inter-level travel time spent in this place.
 D = Time resting spent in this place.
 E = Time spent auto-exploring this place.
 F = Levels seen in this place.
 G = Mean time per level.
                   A        B        C        D        E       F      G
               +--------+--------+--------+--------+--------+-----+--------+
         Total |   3996 |   3980 |     16 |      0 |   3369 |   4 |  999.0 |
       Dungeon |   3996 |   3980 |     16 |      0 |   3369 |   4 |  999.0 |
               +--------+--------+--------+--------+--------+-----+--------+

Top non-repeatable levels by time:
     D:3: 1178 daAuts
     D:4: 1007 daAuts
     D:2: 987 daAuts
     D:1: 822 daAuts
